 Dungeon Crawl Stone Soup version 0.32-a0-921-g04a7ad8e02 (webtiles) character file.

Game seed: 4649199049342724910

1774 Autsider the Frost Mage (level 8, 0/59 (64) HPs)
             Began as a Demonspawn Ice Elementalist on Apr 11, 2024.
             Was a Follower of Qazlal.
             Slain by a wight
             ... wielding a +0 falchion
              (3 damage)
             ... on level 7 of the Dungeon.
             The game lasted 00:17:06 (6353 turns).

Autsider the Frost Mage (DsIE)                      Turns: 6353, Time: 00:17:06

HP:   0/59 (64)     AC: 19    Str:  9    XL:     8   Next: 80%
MP:   12/12         EV: 10    Int: 17    God:    Qazlal [*.....]
Gold: 329           SH:  9    Dex: 14    Spells: 6/13 levels left

rFire   . . .        n - +1 short sword (flame)
rCold   + . .        h - +0 buckler
rNeg    . . .        a - +0 robe
rPois   .            C - +0 helmet
rElec   .            D - +2 cloak
rCorr   .            (no gloves)
SInv    .            (no boots)
Will    .....        (no amulet)
Stlth   ++           g - ring of protection from cold
HPRegen 0.29/turn    (no ring)
MPRegen 0.13/turn

%: no passive effects
@: ice-armoured, drained
A: hooves 2, thin metallic scales 1, icemail 1, condensation shield
a: Renounce Religion


You were on level 7 of the Dungeon.
You worshipped Qazlal.
Qazlal was aware of your devotion.
You visited 2 branches of the dungeon, and saw 8 of its levels.

You collected 329 gold pieces.

Inventory:

Hand Weapons
 n - a +1 short sword of flaming (weapon)
 J - a +2 short sword of venom
Missiles
 s - a throwing net
Armour
 a - a +0 robe (worn)
 h - a +0 buckler (worn)
 x - a +2 ring mail of willpower
 C - a +0 helmet (worn)
 D - a +2 cloak (worn)
Jewellery
 g - a ring of protection from cold (left hand)
 t - a ring of willpower
 H - a ring of positive energy
Wands
 z - a wand of roots (9)
 G - a wand of charming (6)
Scrolls
 d - a scroll of noise {unknown}
 i - a scroll of vulnerability
 j - a scroll of immolation {unknown}
 l - a scroll of silence {unknown}
 o - a scroll of enchant armour {unknown}
 q - a scroll of blinking {unknown}
 r - 2 scrolls of fear {unknown}
 u - 2 scrolls of amnesia {unknown}
 y - 3 scrolls of identify {unknown}
 B - 2 scrolls of fog {unknown}
 E - a scroll of poison {unknown}
 F - a scroll of enchant weapon {unknown}
 I - a scroll of revelation {unknown}
Potions
 b - 2 potions of magic
 c - a potion of lignification {unknown}
 e - a potion of attraction {unknown}
 f - a potion of ambrosia {unknown}
 k - 3 potions of curing {unknown}
 m - 3 potions of enlightenment {unknown}
 p - 4 potions of might {unknown}
 v - a potion of brilliance {unknown}
 w - a potion of cancellation {unknown}
 A - a potion of haste {unknown}


   Skills:
 + Level 6.2 Fighting
 - Level 1.7 Dodging
 - Level 1.7 Stealth
 - Level 3.0 Spellcasting
 * Level 9.1 Ice Magic


You had 6 spell levels left.
You knew the following spells:

 Your Spells              Type           Power      Damage    Failure   Level
a - Freeze                Ice            100%       1d10      1%          1
b - Frozen Ramparts       Ice            66%        1d10      1%          3
c - Ozocubu's Armour      Ice            33%        N/A       1%          3

Your spell library contained the following spells:

 Spells                   Type           Power      Damage    Failure   Level
 Summon Ice Beast         Ice/Summ       18%        N/A       12%         3
 Summon Small Mammal      Summ           8%         N/A       26%         1
 Scorch                   Fire           4%         2d5       38%         2
 Call Canine Familiar     Summ           2%         N/A       63%         3
 Flame Wave               Conj/Fire      2%         2d4       95%         4
 Summon Blazeheart Golem  Fire/Summ      2%         N/A       95%         4
 Summon Cactus Giant      Summ           1%         N/A       100%        6
 Haunt                    Necr/Summ      1%         N/A       100%        7
 Borgnjor's Revivificati  Necr           1%         N/A       100%        8
 Death's Door             Necr           1%         N/A       100%        9


Dungeon Overview and Level Annotations

Branches:
Dungeon (7/15)             Temple (1/1) D:5

Altars:
Ashenzari
Dithmenos
Gozag
Hepliaklqana
Kikubaaqudgha
Makhleb
Okawaru
Qazlal
Sif Muna
Trog
Uskayaw
Wu Jian
Xom
Yredelemnul

Annotations:
D:5 exclusions: downstairs and ogre
D:6 Jeremiah


Innate Abilities, Weirdness & Mutations

You have hoof-like feet.
You are partially covered in thin metallic scales. (AC +2)
A meltable icy envelope protects you from harm. (AC +4)
A meltable shield of frost defends you. (SH +4)


Message History

The wight is heavily damaged.
The wight closely misses you.
You hit the wight. You burn the wight. You kick the wight.
The wight is almost destroyed.
You block the wight's attack.
You closely miss the wight. Your kick misses the wight.
The wight is almost destroyed.
The wight closely misses you.
You hit the wight but do no damage. Your kick misses the wight.
The wight is almost destroyed.
The wight hits you with a +5 scimitar!
* * * LOW HITPOINT WARNING * * *
You feel drained.
* * * LOW HITPOINT WARNING * * *
You closely miss the wight. You kick the wight, but do no damage.
The wight is almost destroyed.
You block the wight's attack. The wight hits you but does no damage.
You hit the wight but do no damage. Your kick misses the wight.
The wight is almost destroyed.
The wight hits you but does no damage.
You hit the wight but do no damage.
The wight is almost destroyed.
The wight hits you but does no damage.
You barely miss the wight.
The wight is almost destroyed.
The wight hits you with a +5 scimitar.
* * * LOW HITPOINT WARNING * * *
You hit the wight but do no damage.
The wight is almost destroyed.
The wight hits you but does no damage.
You hit the wight. You burn the wight.
You destroy the wight!
Qazlal accepts your kill.
You are now surrounded by a storm.
You hit the wight. You burn the wight. Your kick misses the wight.
The wight is lightly damaged.
The wight hits you but does no damage.
You barely miss the wight. You kick the wight.
The wight is moderately damaged.
The wight hits you with a +0 falchion.
You die...

#.....###..### ##..##
####.####....######..########
####...#.....#...........###
##
###..######................#
.###...## ###.#...........##
.....### #.#...........#
....## #.#..........## ....##
#.#..........# .....#
#@#.........## .....#
#z##.........## .....#
#.##....z.....## .....#
####.##....z.##...## ...###
##....##......###...# ..##
#.......#.[..## ##..z# .##
#.#####...#### ##... ## #
#..## #z. #..# #.


You could see a wight.

Vanquished Creatures
  Grinder (D:5)
  Prince Ribbit (D:5)
  2 water moccasins (D:5)
  Duvessa (D:6)
  An ice beast (D:6)
  A sky beast (D:7)
  An ogre (D:5)
  A centaur (D:6)
  A scorpion (D:7)
  A bullfrog (D:6)
  Dowan (D:6)
  A wight (D:7)
  A howler monkey (D:6)
  A bombardier beetle (D:5)
  A quasit (D:5)
  3 hounds
  3 iguanas
  An orc wizard (D:7)
  8 adders
  4 gnolls (D:3)
  A white imp (D:7)
  3 dart slugs
  3 ribbon worms
  10 orcs
  4 ball pythons (D:2)
  5 endoplasms
  A giant cockroach (D:1)
  8 goblins
  10 hobgoblins
  6 kobolds
  5 quokkas
  9 bats
  2 frilled lizards (D:1)
  A goblin skeleton (D:5)
  A goblin zombie (D:5)
  4 hobgoblin zombies (D:5)
  2 kobold skeletons (D:5)
  2 orc zombies (D:5)
  7 rats
119 creatures vanquished.

Notes
Turn   | Place    | Note
-------+----------+-------------------------------------------
     0 | D:1      | Autsider the Demonspawn Ice Elementalist began the quest
                  | for the Orb.
     0 | D:1      | Reached XP level 1. HP: 13/13 MP: 3/3
   315 | D:1      | Gained mutation: A meltable shield of frost defends you.
                  | (SH +4) [demonic ancestry]
   315 | D:1      | Reached XP level 2. HP: 20/20 MP: 3/5
   730 | D:1      | Found a faded altar of an unknown god.
   897 | D:1      | Reached skill level 4 in Ice Magic
  1001 | D:1      | Reached skill level 1 in Fighting
  1389 | D:2      | Gained mutation: You are partially covered in thin metallic
                  | scales. (AC +2) [demonic ancestry]
  1389 | D:2      | Reached XP level 3. HP: 19/26 MP: 0/6
  1680 | D:2      | Learned a level 3 spell: Frozen Ramparts
  1684 | D:2      | Learned a level 3 spell: Ozocubu's Armour
  1855 | D:2      | Found a burning altar of Makhleb.
  1866 | D:2      | Gained mutation: A meltable icy envelope protects you from
                  | harm. (AC +4) [demonic ancestry]
  1866 | D:2      | Reached XP level 4. HP: 16/32 MP: 2/7
  2419 | D:3      | Gained mutation: You have large cloven feet. [demonic
                  | ancestry]
  2419 | D:3      | Reached XP level 5. HP: 38/38 MP: 2/9
  2930 | D:4      | Reached skill level 5 in Ice Magic
  3080 | D:4      | Identified the flux talisman of Pyavvex {*Corrode SInv
                  | Stlth+}
  3331 | D:4      | Found a snail-covered altar of Cheibriados.
  3334 | D:4      | Found a shimmering altar of Xom.
  3334 | D:4      | Found a hide-covered altar of Uskayaw.
  3336 | D:4      | Found a shimmering altar of Xom.
  3336 | D:4      | Found a shimmering altar of Xom.
  3336 | D:4      | Found a hide-covered altar of Uskayaw.
  3381 | D:5      | Entered Level 5 of the Dungeon
  3431 | D:5      | Noticed an ogre
  3564 | D:5      | Noticed an ogre
  3576 | D:5      | Killed an ogre
  3577 | D:5      | Reached XP level 6. HP: 5/46 MP: 1/10
  3816 | D:5      | Found a staircase to the Ecumenical Temple.
  3830 | Temple   | Entered the Ecumenical Temple
  3842 | Temple   | Became a worshipper of Qazlal Stormbringer
  4064 | D:5      | Reached skill level 6 in Ice Magic
  4274 | D:5      | Noticed Grinder
  4287 | D:5      | Paralysed by Grinder for 2 turns
  4292 | D:5      | Paralysed by Grinder for 3 turns
  4328 | D:5      | Paralysed by Grinder for 5 turns
  4346 | D:5      | Killed Grinder
  4347 | D:5      | Reached XP level 7. HP: 7/53 MP: 0/11
  4870 | D:6      | Noticed Duvessa
  4870 | D:6      | Noticed Dowan
  4939 | D:6      | Noticed Prince Ribbit
  4954 | D:5      | Killed Prince Ribbit
  4955 | D:5      | Reached skill level 7 in Ice Magic
  4966 | D:5      | Reached skill level 5 in Fighting
  4966 | D:5      | Gained mutation: You have hoof-like feet. [demonic
                  | ancestry]
  4966 | D:5      | Reached XP level 8. HP: 50/62 MP: 1/12
  5333 | D:6      | Identified the +1 robe of Duty {Dex+5}
  5531 | D:7      | Reached skill level 8 in Ice Magic
  5855 | D:7      | Found an iron altar of Okawaru.
  6021 | D:6      | Killed Duvessa
  6022 | D:6      | Killed Dowan
  6072 | D:6      | Reached skill level 9 in Ice Magic
  6181 | D:6      | Noticed Jeremiah
  6349 | D:7      | HP: 2/57 [wight/+5 scimitar (4)]
  6351 | D:7      | Reached * piety under Qazlal
  6353 | D:7      | Slain by a wight

Illustrated notes

Levels and vault maps discovered:
D:1:      dpeg_arrival_snail, layout_loops_corners,
          hellmonk_ecumenical_altar_leap_of_faith, minmay_tromino_v4_a
D:2:      minmay_chambers_of_ones, layout_loops_ring, basic_altar
D:3:      layout_rooms
D:4:      layout_rooms, doesnt_xom_only_xom
D:5:      layout_basic, nicolae_tso_besieged_by_evil,
          minmay_temple_entry_statues, uniq_grinder
D:6:      layout_cave_pods, uniq_duvessa, uniq_jeremiah, uniq_prince_ribbit1
D:7:      layout_cave_pods, okawaru_metal_pillars_3, vehumet_statue
Temple:   nicolae_temple_great_sept

Skill      XL: |  1  2  3  4  5  6  7  8 |
---------------+-------------------------+-----
Ice Magic      | 4 5 6 7 9 |  9.1
Fighting       | 1 2 3 5 6 |  6.2
Spellcasting   | 3 |  3.0
Dodging        | |  1.7
Stealth        | |  1.7

Action                     |  1- 3 |  4- 6 |  7- 9 || total
---------------------------+-------+-------+-------++-------
  Melee: Unarmed           |    34 |       |       ||    34
         Whip              |    15 |       |       ||    15
         Short sword       |    21 |   171 |   119 ||   311
         Kick              |       |    56 |    31 ||    87
   Cast: Freeze            |    52 |    12 |       ||    64
         Frozen Ramparts   |       |    18 |     9 ||    27
         Ozocubu's Armour  |       |     3 |     6 ||     9
    Use: Scroll            |       |     1 |       ||     1
   Stab: Sleeping          |       |     1 |       ||     1
 Armour: Robe              |    68 |    78 |    75 ||   221
  Dodge: Dodged            |    59 |    67 |    50 ||   176
  Block: Buckler           |    20 |    79 |    45 ||   144
         Other             |     6 |       |       ||     6

Table legend: (Time is in decaauts)
 A = Elapsed time spent in this place.
 B = Non-inter-level travel time spent in this place.
 C = Inter-level travel time spent in this place.
 D = Time resting spent in this place.
 E = Time spent auto-exploring this place.
 F = Levels seen in this place.
 G = Mean time per level.
                   A        B        C        D        E       F      G
               +--------+--------+--------+--------+--------+-----+--------+
         Total |   6377 |   6109 |    268 |    290 |   4617 |   8 |  797.1 |
       Dungeon |   6354 |   6097 |    257 |    290 |   4617 |   7 |  907.7 |
        Temple |     23 |     12 |     11 |      0 |      0 |   1 |   23.0 |
               +--------+--------+--------+--------+--------+-----+--------+

Top non-repeatable levels by time:
     D:5: 1629 daAuts
     D:1: 1319 daAuts
     D:2: 946 daAuts
     D:7: 668 daAuts
     D:6: 668 daAuts
     D:3: 578 daAuts
     D:4: 543 daAuts
  Temple: 23 daAuts
